Map: [ESL] Site Delta

Players

Mixu - Winner!

  • Race: Zerg Zerg
  • Spawn Location: 5:00

Zain

  • Race: Protoss Protoss
  • Spawn Location: 11:00

Event: ESL Spring 2024 Finals

VOD

Have the link to the VOD?

Description

Time

  • Played on: May 31, 2024, 12:36 p.m.
  • Length: 7:47

All games in this series

Show
View Real Time Build Order
Export as new Build Order

Mixu Zerg - Winner!

Build Orders: Hatch First 

Get SALT Encoding   

  12  0:01  Drone  
  13  0:12  Overlord  
  13  0:16  Drone  
  14  0:30  Drone x2  
  16  0:50  Hatchery  
  16  0:51  Drone  
  16  0:55  Drone  
  17  0:57  Drone  
  18  1:08  Extractor  
  17  1:13  Spawning Pool  
  17  1:16  Drone  
  17  1:19  Drone  
  18  1:28  Drone  
  19  1:39  Drone  
  20  1:51  Drone  
  21  2:01  Zergling x2, Queen  
  22  2:02  Queen, Overlord  
  26  2:12  Zergling x2, Metabolic Boost  
  26  2:13  Drone  
  28  2:23  Drone x2  
  30  2:38  Queen  
  30  2:44  Hatchery  
  31  2:46  Drone  
  31  2:49  Overlord  
  32  2:53  Drone  
  32  2:55  Drone  
  34  2:59  Zergling x4  
  35  3:07  Queen  
  35  3:11  Zergling x4  
  39  3:14  Drone  
  40  3:22  Overlord  
  40  3:23  Drone x3  
  43  3:36  Drone  
  43  3:38  Drone  
  43  3:40  Queen  
  45  3:42  Overlord  
  45  3:43  Drone x3  
  45  3:46  Drone  
  48  3:50  Drone x3  
  51  4:03  Zergling x10  
  51  4:09  Queen  
  57  4:13  Overlord  
  57  4:14  Spore Crawler, Drone x2  
  57  4:15  Drone  
  60  4:17  Drone  
  60  4:25  Drone x2  
  60  4:27  Drone x3  
  60  4:30  Overlord  
  65  4:32  Drone x2  
  66  4:39  Overlord x2  
  66  4:45  Drone x3  
  66  4:46  Evolution Chamber  
  66  4:47  Drone  
  67  4:52  Zergling x2  
  67  4:53  Zergling x4  
  67  4:55  Drone x3  
  71  5:02  Hatchery, Spore Crawler  
  71  5:03  Drone  
  71  5:05  Drone x2  
  71  5:06  Drone  
  73  5:12  Zerg Melee Weapons Level 1  
  73  5:15  Roach Warren, Lair  
  73  5:18  Drone x3  
  73  5:21  Extractor x2  
  74  5:23  Overlord  
  74  5:24  Drone x2  
  74  5:27  Drone  
  76  5:33  Drone  
  75  5:37  Drone x4  
  75  5:41  Overlord  
  75  5:42  Zergling x10  
  84  5:43  Extractor  
  84  5:46  Zergling x10  
  88  5:51  Spore Crawler  
  88  5:52  Zergling x2  
  88  6:00  Roach x2  
  92  6:06  Overlord  
  92  6:07  Drone x4  
  92  6:08  Roach x3  
  102  6:12  Glial Reconstitution  
  102  6:14  Overlord  
  102  6:15  Roach x4  
  110  6:19  Overlord  
  110  6:25  Roach x3  
  111  6:28  Roach  
  110  6:34  Roach  
  110  6:35  Roach x5  
  110  6:36  Zergling x2  
  110  6:37  Zergling x2  
  122  6:41  Hatchery, Zergling x4  
  118  6:49  Zergling x10  
  121  6:56  Zergling x6  
  124  7:01  Roach x6  
  124  7:05  Overseer  
  124  7:08  Hatchery  
  131  7:10  Zergling x2, Overlord x2  
  130  7:17  Zergling x2, Ravager x3  
  130  7:18  Zergling x10  
  130  7:22  Zergling x10  
  142  7:27  Zergling x4  
  143  7:38  Ravager  
Show
View Real Time Build Order
Export as new Build Order

Zain Protoss 

Build Orders: 1 Gate Expand, Oracle Opening 

Get SALT Encoding   

  12  0:00  Probe  
  13  0:12  Probe  
  14  0:19  Pylon  
  14  0:24  Probe  
  15  0:37  Probe (Chrono Boost)  
  15  0:40  Gateway  
  16  0:46  Probe (Chrono Boost)  
  17  0:50  Assimilator  
  17  0:53  Probe  
  18  1:05  Probe  
  19  1:17  Probe  
  20  1:27  Nexus  
  20  1:37  Cybernetics Core  
  20  1:38  Probe  
  21  1:46  Assimilator  
  21  1:50  Probe  
  22  1:54  Pylon  
  22  2:03  Probe  
  23  2:10  Adept (Chrono Boost)  
  23  2:15  Probe  
  26  2:24  Stargate  
  26  2:27  Probe  
  27  2:31  Adept (Chrono Boost)  
  29  2:38  Warp Gate  
  29  2:39  Probe (Chrono Boost)  
  31  2:45  Probe (Chrono Boost)  
  31  2:49  Probe (Chrono Boost)  
  32  2:53  Probe (Chrono Boost)  
  32  2:54  Adept, Probe (Chrono Boost)  
  36  3:04  Probe  
  37  3:06  Probe  
  37  3:09  Oracle (Chrono Boost)  
  41  3:15  Pylon  
  41  3:16  Probe  
  41  3:18  Probe  
  43  3:28  Probe  
  43  3:30  Probe  
  43  3:33  Gateway  
  45  3:40  Probe  
  44  3:41  Oracle  
  44  3:42  Probe  
  46  3:52  Probe  
  46  3:54  Nexus  
  47  3:57  Probe  
  47  4:08  Probe  
  47  4:10  Probe  
  47  4:12  Twilight Council  
  48  4:20  Probe  
  48  4:22  Assimilator  
  48  4:23  Probe  
  49  4:26  Stalker  
  49  4:28  Stalker  
  53  4:32  Probe  
  54  4:40  Blink (Chrono Boost)  
  54  4:46  Assimilator  
  54  4:48  Pylon  
  54  4:49  Pylon  
  54  5:06  Probe x2  
  56  5:07  Gateway, Probe  
  56  5:09  Gateway  
  56  5:11  Gateway  
  56  5:12  Stalker  
  56  5:14  Gateway  
  59  5:16  Stalker  
  59  5:18  Probe x2  
  59  5:20  Probe  
  64  5:24  Pylon  
  64  5:30  Probe x2  
  64  5:32  Probe  
  67  5:37  Stalker  
  67  5:39  Stalker  
  71  5:44  Pylon  
  71  5:47  Shield Battery  
  71  5:50  Probe  
  71  5:51  Probe x2  
  74  5:58  Pylon  
  74  6:03  Stalker x4  
  82  6:06  Gateway  
  82  6:10  Stalker  
  82  6:11  Stalker  
  79  6:34  Stalker x6  
  85  6:55  Probe x2  
  85  6:56  Probe  
  85  6:58  Pylon  
  85  7:00  Pylon  
  88  7:07  Stalker x7, Probe  
  103  7:12  Probe x2, Pylon  
  105  7:19  Probe  
  106  7:27  Stalker x2  
  106  7:28  Stalker x2  
  110  7:39  Stalker x3  
Tags
 
Add a new tag
Caveats
  • Supply blocks, unpowered buildings, or Contaminate may cause inaccurate times.
  • Supply counts are checked every 10 seconds.